 Dungeon Crawl Stone Soup version 0.18-a0-1774-gce1f7b6 (webtiles) character file.

182 namelastname112 the Sneak (level 5, -7/28 HPs)
             Began as a Vine Stalker Assassin on Apr 15, 2016.
             Mangled by an ogre
             ... wielding a +0 giant spiked club
              (21 damage)
             ... on level 4 of the Dungeon.
             The game lasted 00:02:28 (2144 turns).

namelastname112 the Sneak (Vine Stalker Assassin)   Turns: 2144, Time: 00:02:29

Health: -7/28      AC:  4    Str: 14    XL:     5   Next: 62%
Magic:  0/6        EV: 12    Int: 11    God:
Gold:   111        SH:  0    Dex: 16    Spells: 0 memorised, 4 levels left

rFire  + . .     SeeInvis +     a - +2 dagger
rCold  . . .     Gourm    .     c - +0 robe
rNeg   . . .     Faith    .     (no shield)
rPois  .         Spirit   +     (no helmet)
rElec  .         Dismiss  .     d - +0 cloak
rCorr  .         Reflect  .     w - +0 pair of gloves (curse)
SustAt .         Harm     .     (no boots)
MR     .....                    q - amulet of regeneration
Stlth  +++.......               D - ring of protection from fire
                                v - ring of see invisible

@: not resistant to hostile enchantments, fairly stealthy
A: fangs 2, regeneration 1, magic shield, antimagic bite, no device heal 3, rot
immunity
a: no special abilities


You were on level 4 of the Dungeon.
You were not hungry.

You visited 1 branch of the dungeon, and saw 4 of its levels.

You collected 111 gold pieces.

Inventory:

Hand Weapons
 a - a +2 dagger (weapon)
 b - a +0 blowgun
Missiles
 e - 20 poisoned needles
 f - 2 curare-tipped needles
 u - a throwing net (quivered)
Armour
 c - a +0 robe (worn)
 d - a +0 cloak (worn)
 w - a cursed +0 pair of gloves (worn)
Jewellery
 q - an amulet of regeneration (around neck)
 v - a ring of see invisible (left hand)
 D - a ring of protection from fire (right hand)
Wands
 C - a wand of flame (19/48)
Scrolls
 h - 2 scrolls of remove curse {unknown}
 k - 3 scrolls of identify {unknown}
 o - a scroll of recharging {unknown}
 p - a scroll of amnesia {unknown}
 r - a scroll of blinking {unknown}
 s - a scroll of teleportation {unknown}
 y - a scroll of immolation {unknown}
Potions
 i - a potion of resistance {unknown}
 j - a potion of haste {unknown}
 l - a potion of heal wounds {unknown}
 m - 3 potions of flight {unknown}
 n - 2 potions of agility {unknown}
 t - 2 potions of degeneration {unknown}
 x - a potion of mutation {unknown}
 A - a potion of magic {unknown}
 B - a potion of curing {unknown}
 F - a potion of brilliance {unknown}
Comestibles
 g - 2 bread rations
 z - a meat ration


   Skills:
 + Level 2.8 Fighting
 * Level 2.7 Short Blades
 + Level 2.4 Throwing
 + Level 1.7 Dodging
 * Level 6.1 Stealth


You had 4 spell levels left.
You didn't know any spells.

Dungeon Overview and Level Annotations

Branches:
Dungeon (4/15)
 Temple: D:4-7

Altars:
Elyvilon
Fedhas
Pakellas
Vehumet
Yredelemnul


Innate Abilities, Weirdness & Mutations

You have extremely sharp teeth.
Your natural rate of healing is unusually fast.
When hurt, damage is shared between your health and your magic reserves.
Your bite disrupts and absorbs the magic of your enemies.
Potions and wands cannot restore your health.
You are immune to rotting.


Message History

You feel invigorated.
The hound is severely wounded.
The hound closely misses you.
You hit the hound. Your bite misses the hound.
The hound is almost dead.
The hound bites you but does no damage. x2
You hit the hound.
You kill the hound!
MP restored: 6 You hit the ogre.
Your bite misses the ogre.
The ogre is lightly wounded.
The ogre hits you with a giant spiked club!
You take 10 damage, and have 13/28 hp.
MASSIVE DAMAGE!!
You now have 3/6 mp.
You hit the ogre. You bite the ogre. You drain its power.
You feel invigorated.
The ogre is moderately wounded.
You hit the ogre but do no damage.
The ogre is moderately wounded.
The ogre hits you with a giant spiked club!!
Ouch! That really hurt!
You die...

........# ##..###<# ##..#
#.# # # ##..######## ?#
.# ...........# .# ...
#....#####.## #.#.#.#
............. .......
#....#####.#######....#.#
#.(..####.......@Ow......
#..............##########
#..#.......##..#
#.>#######.##..#
#..............#
#...#####......#
#...#####..##..#
#......<...##..#
##....(...###..#


You could see an ogre and a worm.

Vanquished Creatures
  A hound (D:4)
  Ijyb (D:2)
  A worker ant (D:4)
  5 adders
  2 worms (D:2)
  A giant gecko (D:1)
  An orc (D:3)
  5 giant cockroaches
  5 goblins
  8 hobgoblins
  8 kobolds
  A quokka (D:2)
  2 ball pythons
  4 bats
  4 giant newts
  5 rats
54 creatures vanquished.

Notes
Turn   | Place    | Note
--------------------------------------------------------------
     0 | D:1      | namelastname112 the Vine Stalker Assassin began the quest for the Orb.
     0 | D:1      | Reached XP level 1. HP: 11/11 MP: 2/2
   186 | D:1      | Reached skill level 5 in Stealth
   191 | D:1      | Reached XP level 2. HP: 13/15 MP: 3/3
   323 | D:1      | Reached skill level 1 in Dodging
   512 | D:1      | Reached XP level 3. HP: 18/18 MP: 4/4
   684 | D:2      | Noticed Ijyb
   709 | D:2      | Killed Ijyb
   799 | D:2      | Reached XP level 4. HP: 23/23 MP: 5/5
  1001 | D:2      | Found an oddly glowing altar of Pakellas.
  1040 | D:2      | HP: 1/23 [poisoned by an adder]
  1046 | D:2      | HP: 1/23 [poisoned by an adder]
  1445 | D:3      | Found a basalt altar of Yredelemnul.
  1485 | D:3      | Reached XP level 5. HP: 27/27 MP: 6/6
  1633 | D:3      | Found a blossoming altar of Fedhas.
  1768 | D:3      | Found a radiant altar of Vehumet.
  1800 | D:3      | Found a white marble altar of Elyvilon.
  2082 | D:4      | Reached skill level 6 in Stealth
  2127 | D:4      | Noticed an ogre
  2144 | D:4      | Mangled by an ogre

Vault maps used:
D:1:      nicolae_arrival_somewhat_less_tricky_arrival
D:2:      grunt_pakellas_basics, first_bread, hangedman_decor_points,
          minmay_door_square, uniq_iyjb
D:3:      kennysheep_ying_yang, lemuel_coloured_pillars_altar, fedhas_altar_2
D:4:      makhleb_heckhound_becter, gammafunk_temple_overflow_elements,
          minmay_temple_entry_statues_fountains, serial_shops, kennysheep_mini,
          minivault_5, sigmund_army

Skill      XL: |  1  2  3  4  5 |
---------------+----------------+-----
Fighting       | 2 |  2.8
Stealth        | 5 6 |  6.1
Short Blades   | 2 |  2.7
Dodging        | 1 |  1.7
Throwing       | 2 |  2.4

Action                   |  1- 3 |  4- 6 || total
-------------------------+-------+-------++-------
Melee: Dagger            |    84 |    94 ||   178
       Bite              |    23 |    22 ||    45
 Stab: Sleeping          |     7 |     8 ||    15
       Distracted        |     1 |       ||     1
  Eat: Chunk             |       |     4 ||     4
Armor: Robe              |     7 |    20 ||    27
Dodge: Dodged            |    47 |    45 ||    92
